 Dungeon Sprint DCSS version 0.29.1-4-g47bece8355 (webtiles) character file.

Game seed: 12351043199194473089

1029 boopmooplesden the Basher (level 8, -7/86 HPs)
             Began as a Minotaur Berserker on Dec 5, 2022.
             Was an Elder of Trog.
             Mangled by a neqoxec (11 damage)
             ... in the Dungeon (Sprint II: "The Violet Keep of Menkaure").
             The game lasted 00:00:42 (597 turns).

boopmooplesden the Basher (Minotaur Berserker)       Turns: 597, Time: 00:00:44

Health: -7/86      AC:  1    Str: 24      XL:     8   Next: 3%
Magic:  7/7        EV: 14    Int:  2 (4)  God:    Trog [****..]
Gold:   729        SH:  0    Dex: 10      Spells: 7/7 levels left

rFire   . . .      SeeInvis .   a - +0 mace
rCold   . . .      Faith    .   (no shield)
rNeg    . . .      Spirit   .   b - +0 animal skin
rPois   .          Reflect  .   (helmet restricted)
rElec   .          Harm     .   (no cloak)
rCorr   .          Rampage  .   (no gloves)
Will    .....      NoTele   +   (no boots)
Stlth   +.........              (no amulet)
HPRegen 0.24/turn               (no ring)
MPRegen 0.10/turn               (no ring)

@: on berserk cooldown, slowed, very slow
A: horns 2, retaliatory headbutt, deformed body
a: Renounce Religion, Berserk, Trog's Hand, Brothers in Arms


You were in the Dungeon.
You worshipped Trog.
Trog was greatly pleased with you.
You visited 1 branch You collected 729 gold pieces.

Inventory:

Hand Weapons
 a - a +0 mace (weapon)
Armour
 b - a +0 animal skin (worn)
Scrolls
 h - a scroll of blinking
Potions
 c - a potion of curing
 e - a potion of haste
 f - 2 potions of magic
 g - a potion of berserk rage


   Skills:
 + Level 13.5 Fighting
 + Level 13.7 Maces & Flails
 + Level 6.8 Armour
 + Level 6.8 Dodging


You had 7 spell levels left.
You didn't know any spells.
Your spell library was empty.

Dungeon Overview and Level Annotations

Branches:
Dungeon (1/1)

Altars:

Shops:
D ?==:([!!(?(


Innate Abilities, Weirdness & Mutations

You have a pair of horns on your head.
You reflexively headbutt those who attack you in melee.
Armour fits poorly on your strangely shaped body.


Message History

The neqoxec is moderately wounded.
The neqoxec hits you! The neqoxec barely misses you.
You hit the neqoxec. Your headbutt misses the neqoxec.
The neqoxec is heavily wounded.
The neqoxec hits you! x2
* * * LOW HITPOINT WARNING * * *
You hit the neqoxec.
The neqoxec is heavily wounded.
The neqoxec gestures at you.
Strange energies course through your body.
Your body twists and deforms.
The neqoxec closely misses you.
You feel much better. The neqoxec hits you! The neqoxec barely misses you.
The neqoxec hits you. The neqoxec hits you!
* * * LOW HITPOINT WARNING * * *
You closely miss the neqoxec.
The neqoxec is heavily wounded.
The neqoxec barely misses you. The neqoxec gestures at you.
Something tries to feed on your intellect!
You hit the neqoxec.
The neqoxec is severely wounded.
The neqoxec hits you!
* * * LOW HITPOINT WARNING * * *
The neqoxec hits you!
* * * LOW HITPOINT WARNING * * *
You closely miss the neqoxec. Your punch misses the neqoxec.
The neqoxec is severely wounded.
The neqoxec hits you.
* * * LOW HITPOINT WARNING * * *
The neqoxec hits you.
* * * LOW HITPOINT WARNING * * *
You sock the neqoxec!
The neqoxec is almost dead.
The neqoxec closely misses you. You furiously retaliate!
You headbutt the neqoxec.
You kill the neqoxec!
Trog accepts your kill. The neqoxec hits you!
You die...

######~ .∩.∩.#~
∩.∩..#~ ## ##
.∩...#~ #.###.#
∩....#~ ####.#.####
.∩...#~##.###÷###.##
∩.∩..#~#.#.##.##...#
+~@3##'.<.'##.+
..∩.∩#~#..###.##...#
▓▓▓###~##.# #'###.##
######~ ####.# ###
## #..#..# ##.#.##
##+##


You could see a neqoxec.

Vanquished Creatures
  3 neqoxecs (D)
  2 wyverns (D)
  4 scorpions (D)
  4 necrophages (D)
13 creatures vanquished.

Vanquished Creatures (others)
  A water moccasin (D)
1 creature vanquished.

Grand Total: 14 creatures vanquished

Notes
Turn   | Place    | Note
-------+----------+-------------------------------------------
     0 | D        | boopmooplesden the Minotaur Berserker began the quest for
                  | the Orb.
     0 | D        | Reached XP level 1. HP: 19/19 MP: 0/0
     1 | D        | Noticed a necrophage
     1 | D        | Noticed a necrophage
     1 | D        | Noticed a necrophage
     1 | D        | Noticed a necrophage
     6 | D        | Killed a necrophage
     7 | D        | Reached XP level 2. HP: 22/31 MP: 1/1
     7 | D        | Reached XP level 3. HP: 27/38 MP: 2/2
    11 | D        | Killed a necrophage
    12 | D        | Reached XP level 4. HP: 12/48 MP: 3/3
    13 | D        | Killed a necrophage
    13 | D        | Reached ** piety under Trog
    14 | D        | Reached XP level 5. HP: 5/57 MP: 4/4
    18 | D        | Reached skill level 5 in Armour
    29 | D        | Killed a water moccasin
   289 | D        | Noticed a wyvern
   289 | D        | Noticed a wyvern
   294 | D        | Killed a wyvern
   295 | D        | Reached skill level 5 in Dodging
   295 | D        | Reached XP level 6. HP: 68/68 MP: 5/5
   297 | D        | Killed a wyvern
   298 | D        | Reached XP level 7. HP: 75/75 MP: 6/6
   334 | D        | Reached *** piety under Trog
   571 | D        | Noticed a neqoxec
   572 | D        | Noticed a neqoxec
   578 | D        | Killed a neqoxec
   578 | D        | Reached **** piety under Trog
   582 | D        | Killed a neqoxec
   583 | D        | Reached XP level 8. HP: 86/86 MP: 7/7
   584 | D        | Found Woquleg's Weapon Shop.
   586 | D        | Found Ruadir's Antique Weapon Boutique.
   586 | D        | Found Nassucolag's Distillery.
   586 | D        | Found Xeduhin's Jewellery Boutique.
   586 | D        | Found Qafezud's Antique Armour Boutique.
   586 | D        | Found Sugat's Jewellery Shop.
   586 | D        | Found Nacwatill's Antique Weapon Shop.
   586 | D        | Found Ongy's Distillery.
   586 | D        | Found Uwerydadgh's Magic Scroll Boutique.
   586 | D        | Found Oton's Magic Scroll Shop.
   586 | D        | Found Jetoicra's Book Boutique.
   592 | D        | Gained mutation: Armour fits poorly on your strangely
                  | shaped body. [a neqoxec]
   596 | D        | HP: 4/86 [neqoxec (3)]
   597 | D        | Mangled by a neqoxec

Illustrated notes

Levels and vault maps discovered:
D:        the_violet_keep_of_menkaure [sprint2_stairs_cluster_1,
          sprint2_shoproom, sprint2_temple, sprint2_basic_supplies,
          sprint2_obstacle_1, sprint2_obstacle_6, sprint2_obstacle_5,
          sprint2_obstacle_4, sprint2_obstacle_2, sprint2_timed_cluster_1,
          sprint2_smallroom_cluster_1, sprint2_smallroom_final_cluster_1,
          sprint2_transparent_cluster_1, sprint2_second_timed_cluster_1,
          sprint2_sniper_area_1, sprint2_heavy_combat_area_1,
          sprint2_mutation_trap_area_1, sprint2_forest_area_1,
          sprint2_light_combat_area_1, sprint2_behind_water_1,
          sprint2_near_end_vault_1]

Skill      XL: |  1  2  3  4  5  6  7 |
---------------+----------------------+-----
Fighting       | 6 8 9 11 13 | 13.5
Maces & Flails | 6 8 9 11 13 | 13.7
Armour         | 3 4 5 6 |  6.8
Dodging        | 3 4 5 6 |  6.8

Action                   |  1- 3 |  4- 6 |  7- 9 || total
-------------------------+-------+-------+-------++-------
Melee: Mace              |     8 |    13 |    33 ||    54
       Headbutt          |     2 |     3 |     5 ||    10
Invok: Berserk           |     1 |     1 |     1 ||     3
  Use: Potion            |       |       |     1 ||     1
Armor: Animal skin       |       |     1 |     3 ||     4
Dodge: Dodged            |     3 |     7 |    16 ||    26
